 Dungeon Crawl Stone Soup version 0.22-a0-284-g99d1f74 (webtiles) character file.

10356 ohad the Martial Artist (level 11, -3/86 HPs)
             Began as an Octopode Transmuter on Mar 20, 2018.
             Was an Elder of Makhleb.
             Slain by a crocodile (14 damage)
             ... on level 11 of the Dungeon.
             The game lasted 00:27:54 (12934 turns).

ohad the Martial Artist (Octopode Transmuter)      Turns: 12934, Time: 00:27:54

Health: -3/86      AC: 11    Str: 10    XL:     11   Next: 60%
Magic:  17/17      EV: 14    Int: 18    God:    Makhleb [****..]
Gold:   665        SH:  0    Dex: 13    Spells: 1/18 levels left

rFire    x . .     SeeInvis .     - Unarmed
rCold    + + +     Gourm    .   (shield currently unavailable)
rNeg     . . .     Faith    +   (helmet currently unavailable)
rPois    +         Spirit   .   k - amulet of faith
rElec    .         Reflect  .   C - ring of wizardry
rCorr    .         Harm     .   M - +5 ring of protection
MR       .....                  (no ring)
Stlth    +++.......             (no ring)
HPRegen  0.24/turn              (no ring)
MPRegen  0.15/turn              (no ring)
                                (no ring)
                                (no ring)

@: ice-form
A: large, almost no armour, stealthy swim, amphibious, 8 rings, (constrict 8)
a: End Transformation, Minor Destruction, Lesser Servant of Makhleb, Major
Destruction, Renounce Religion


You were on level 11 of the Dungeon.
You worshipped Makhleb.
Makhleb was greatly pleased with you.
You were hungry.
You were a creature of crystalline ice.
You visited 3 branches of the dungeon, and saw 13 of its levels.

You collected 665 gold pieces.

Inventory:

Hand Weapons
 h - a +0 dagger
 i - a +4 quarterstaff of chaos
 n - a +0 blowgun
 G - a +0 short sword of venom
 H - the cursed +1 war axe of Purpose {speed, *Contam rElec MR+ Str+6, unknown}
   (You found it on level 11 of the Dungeon)

   Attacks with this weapon are significantly faster.
   It affects your strength (+6).
   It insulates you from electricity.
   It affects your resistance to hostile enchantments.
   It causes magical contamination when unequipped.
   It has a curse placed upon it.
 J - the +10 long sword of Valour {holy, *Rage rElec MR+ Str+5, unknown}
   (You found it on level 11 of the Dungeon)

   It has been blessed by the Shining One to cause great damage to the undead
   and demons.
   It affects your strength (+5).
   It insulates you from electricity.
   It affects your resistance to hostile enchantments.
   It may make you go berserk in combat.
 K - a +3 dagger of pain
 N - a cursed -3 dagger
 O - a +1 hunting sling of flaming
 P - the +11 double sword of Romuqumuna {pain, Int+4 Dex+4, unknown}
   (You found it on level 10 of the Dungeon)

   In the hands of one skilled in necromantic magic, it inflicts extra damage on
   living creatures.
   It affects your intelligence (+4).
   It affects your dexterity (+4).
Missiles
 a - 294 arrows
 o - 37 poisoned needles
 r - 7 javelins (quivered)
 v - 67 bolts
 D - 5 curare-tipped needles
Armour
 L - a +0 cloak
 R - a +0 buckler
Jewellery
 k - an amulet of faith (around neck)
 A - an uncursed amulet of the gourmand {unknown}
 C - a ring of wizardry (left front paw)
 F - an uncursed ring of ice
 M - a +5 ring of protection (right front paw)
Wands
 b - a wand of digging (22)
 q - a wand of paralysis (8)
 z - a wand of flame (28)
 E - a wand of scattershot (4)
 Q - a wand of iceblast (3)
 T - a wand of polymorph (7)
Scrolls
 d - a scroll of enchant armour
 f - 7 scrolls of remove curse
 g - 2 scrolls of noise {unknown}
 t - 4 scrolls of teleportation
 x - 3 scrolls of amnesia {unknown}
 y - 2 scrolls of magic mapping {unknown}
Potions
 e - 7 potions of agility
 j - 2 potions of haste
 l - a potion of heal wounds
 m - 5 potions of curing
 p - 2 potions of invisibility
 s - a potion of might
 u - a potion of magic
 w - a potion of flight
 B - a potion of lignification
 I - a potion of brilliance
Comestibles
 c - 7 rations


   Skills:
 * Level 6.3 Fighting
 * Level 7.4 Dodging
 * Level 5.8 Stealth
 + Level 10.9 Unarmed Combat
 - Level 4.0 Spellcasting
 - Level 7.3 Transmutations
 - Level 3.0 Ice Magic
 - Level 5.6 Invocations


You had one spell level left.
You knew the following spells:

 Your Spells              Type           Power        Failure   Level  Hunger
a - Beastly Appendage     Tmut           ####..       1%          1    None
b - Sticks to Snakes      Tmut           ####....     1%          2    ##.....
c - Spider Form           Tmut/Pois      ###.......   4%          3    ###....
d - Ice Form              Ice/Tmut       ###.....     7%          4    ####...
e - Blade Hands           Tmut           ####......   9%          5    ######.
f - Shroud of Golubria    Chrm/Tloc      #.........   9%          2    ##.....


Dungeon Overview and Level Annotations

Branches:
Dungeon (11/15)            Temple (1/1) D:4            Lair (1/6) D:11
    Orc: D:9-12

Altars:
Ashenzari
Cheibriados
Dithmenos
Elyvilon
Fedhas
Gozag
Hepliaklqana
Kikubaaqudgha
Makhleb
Nemelex Xobeh
Okawaru
Qazlal
Ru
Sif Muna
Trog
Uskayaw
Vehumet
Wu Jian
Xom
Yredelemnul
Zin
The Shining One

Annotations:
D:11 Grum


Innate Abilities, Weirdness & Mutations

You cannot wear most types of armour.
You are very stealthy in the water. (Stealth+)
You are amphibious.
You can wear up to eight rings at the same time.
((You can use your tentacles to constrict eight enemies at once.))
((Your skin changes colour to match your surroundings (Stealth+).))
((Your rubbery body absorbs attacks. (AC +1, EV +1)))


Message History

You feel better.
You are struck by the porcupine's spines.
You barely miss the porcupine.
The porcupine bites you but does no damage.
You are struck by the porcupine's spines.
* * * LOW HITPOINT WARNING * * *
You barely miss the porcupine. The porcupine closely misses you.
You are struck by the porcupine's spines.
* * * LOW HITPOINT WARNING * * *
You pummel the porcupine!! You freeze the porcupine!
You kill the porcupine!
Makhleb accepts your kill.
You feel better.
You hit the crocodile but do no damage. You closely miss the crocodile.
The crocodile bites you but does no damage.
You closely miss the crocodile. The crocodile bites you.
* * * LOW HITPOINT WARNING * * *
You barely miss the crocodile. The crocodile bites you!
You die...

#### #Y>#
##########t######
#.................
#.........########
#.........#
#.........#
#.........#
#.........#
#.........#


You could see a crocodile.

Vanquished Creatures
  A hydra (D:10)
  A two-headed ogre (D:8)
  A deep elf mage (D:11)
  Maurice (D:11)
  A spiny frog (Lair:1)
  A troll (D:10)
  3 hippogriffs
  Sigmund (D:5)
  A vampire (D:10)
  A wraith (D:10)
  2 hungry ghosts (D:7)
  4 yaks
  2 water moccasins
  2 porcupines
  Duvessa (D:5)
  2 necrophages
  3 ice beasts
  A sky beast (D:5)
  10 ogres
  The ghost of Patate the Chopper, an amateur HOFi (D:3)
  3 phantoms
  3 black bears
  2 wolves
  4 centaurs
  Blork the orc (D:5)
  4 bullfrogs
  3 big kobolds
  A crocodile (D:10)
  Dowan (D:5)
  A wyvern skeleton (D:11)
  5 scorpions
  15 killer bees
  5 wights (D:10)
  5 howler monkeys
  6 crimson imps
  2 jellies
  A centaur skeleton (D:10)
  A centaur zombie (D:9)
  Crazy Yiuf (D:5)
  An orc priest (D:5)
  4 hounds
  5 orc wizards
  A gnoll shaman (D:9)
  Terence (D:2)
  2 iguanas (D:8)
  4 worker ants
  2 hound zombies
  A hound skeleton (D:5)
  A worker ant zombie (D:10)
  11 adders
  5 gnolls
  A shadow imp (D:11)
  3 adder skeletons
  A dart slug (D:3)
  2 worms (D:4)
  4 leopard geckos
  16 orcs
  3 ball pythons
  4 giant cockroaches
  2 gnoll zombies (D:8)
  8 goblins
  8 hobgoblins
  17 jackals
  22 kobolds
  2 quokkas
  2 bats
  15 frilled lizards
  A leopard gecko zombie (D:6)
  A quokka skeleton (D:6)
  4 rats
258 creatures vanquished.

Vanquished Creatures (collateral kills)
  2 killer bees (D:9)
2 creatures vanquished.

Vanquished Creatures (others)
  A howler monkey (D:7)
  2 orc wizards (D:10)
  A leopard gecko (D:10)
  An orc (D:10)
  A jackal (D:10)
6 creatures vanquished.

Grand Total: 266 creatures vanquished

Notes
Turn   | Place    | Note
-------+----------+-------------------------------------------
     0 | D:1      | ohad the Octopode Transmuter began the quest for the Orb.
     0 | D:1      | Reached XP level 1. HP: 13/13 MP: 3/3
   116 | D:1      | Reached skill level 1 in Stealth
   234 | D:1      | Reached XP level 2. HP: 18/18 MP: 5/5
   280 | D:1      | Learned a level 2 spell: Sticks to Snakes
   743 | D:2      | Reached XP level 3. HP: 21/23 MP: 4/6
   748 | D:2      | Learned a level 3 spell: Spider Form
  1011 | D:2      | Reached XP level 4. HP: 28/28 MP: 5/7
  1056 | D:2      | Found a shimmering altar of Xom.
  1130 | D:2      | Noticed Terence
  1148 | D:2      | Killed Terence
  1241 | D:2      | Reached XP level 5. HP: 23/33 MP: 8/8
  1707 | D:3      | Noticed Patate's ghost (amateur HOFi)
  1984 | D:3      | Reached skill level 5 in Transmutations
  2331 | D:3      | Noticed a hippogriff
  2558 | D:4      | Noticed a phantom
  2691 | D:4      | Noticed an ogre
  2707 | D:4      | Killed an ogre
  2707 | D:4      | Reached XP level 6. HP: 38/38 MP: 2/9
  3171 | D:4      | Found a staircase to the Ecumenical Temple.
  3177 | Temple   | Entered the Ecumenical Temple
  3290 | Temple   | Became a worshipper of Makhleb the Destroyer
  3594 | D:5      | Entered Level 5 of the Dungeon
  3754 | D:5      | Noticed a sky beast
  3780 | D:5      | Killed a sky beast
  3780 | D:5      | Reached XP level 7. HP: 23/43 MP: 6/10
  3924 | D:5      | Learned a level 4 spell: Ice Form
  3933 | D:5      | Noticed Blork the orc
  3945 | D:5      | Killed Blork the orc
  3945 | D:5      | Reached skill level 1 in Ice Magic
  4411 | D:5      | Found a runed door.
  4417 | D:5      | Noticed Crazy Yiuf
  4420 | D:5      | Killed Crazy Yiuf
  4548 | D:5      | Noticed Duvessa
  4548 | D:5      | Noticed Dowan
  4551 | D:5      | Killed Duvessa
  4554 | D:5      | Killed Dowan
  4556 | D:5      | Reached * piety under Makhleb
  4556 | D:5      | Reached XP level 8. HP: 18/48 MP: 9/14
  4565 | D:5      | Learned a level 5 spell: Blade Hands
  4829 | D:5      | Noticed Sigmund
  4836 | D:5      | Killed Sigmund
  5663 | D:6      | Reached skill level 5 in Dodging
  5669 | D:6      | Reached ** piety under Makhleb
  5809 | D:6      | Found a shadowy altar of Dithmenos.
  6097 | D:6      | Reached XP level 9. HP: 58/58 MP: 13/15
  6111 | D:6      | Reached skill level 4 in Unarmed Combat
  6221 | D:7      | HP: 2/69 [ogre/giant club (13)]
  6226 | D:6      | Reached skill level 5 in Unarmed Combat
  6542 | D:7      | Reached skill level 6 in Unarmed Combat
  6793 | D:7      | Reached skill level 7 in Unarmed Combat
  7053 | D:7      | Reached skill level 8 in Unarmed Combat
  7875 | D:3      | Reached XP level 10. HP: 65/65 MP: 12/16
  7959 | D:3      | Killed Patate's ghost
  8032 | D:3      | Reached *** piety under Makhleb
  8105 | D:3      | Reached skill level 9 in Unarmed Combat
  8627 | D:8      | Found a sacrificial altar of Ru.
  8640 | D:8      | Reached skill level 1 in Invocations
  9084 | D:8      | Noticed a two-headed ogre
  9097 | D:8      | Killed a two-headed ogre
  9097 | D:8      | Reached skill level 5 in Invocations
  9392 | D:8      | You fall through a shaft for 3 floors!
  9392 | D:11     | Noticed Grum
  9540 | D:11     | Noticed a deep elf mage
  9548 | D:11     | Killed a deep elf mage
  9548 | D:11     | Reached skill level 5 in Fighting
  9568 | D:11     | Got a crystal war axe
  9570 | D:11     | Got an ichor-stained long sword
  9606 | D:11     | Noticed Maurice
  9620 | D:11     | Killed Maurice
  9650 | D:10     | Entered Level 10 of the Dungeon
  9658 | D:10     | Learned a level 2 spell: Shroud of Golubria
  9760 | D:10     | Reached **** piety under Makhleb
  9867 | D:10     | Reached XP level 11. HP: 72/72 MP: 12/17
  9873 | D:10     | Noticed an eight-headed hydra
  9908 | D:10     | Got a fine double sword
  9928 | D:10     | Killed an eight-headed hydra
  9928 | D:10     | Reached skill level 10 in Unarmed Combat
 11607 | D:9      | Found a sacrificial altar of Ru.
 11902 | D:8      | Found a basalt altar of Yredelemnul.
 12269 | D:10     | Reached skill level 5 in Stealth
 12377 | D:11     | Found a staircase to the Lair.
 12403 | Lair:1   | Entered Level 1 of the Lair of Beasts
 12464 | Lair:1   | HP: 4/86 [poisoned by a spiny frog]
 12469 | Lair:1   | HP: 3/86 [poisoned by a spiny frog]
 12476 | D:11     | HP: 3/86 [poisoned by a spiny frog]
 12484 | D:11     | HP: 2/72 [poisoned by a spiny frog]
 12934 | D:11     | Slain by a crocodile

Vault maps used:
D:1:      onia_arrival_pyramid
D:2:      xom_teletrap_fun, uniq_terence
D:3:      nrook_loot_triangle, minmay_lizard_king
D:4:      minmay_temple_entry_enclosed_plants, first_ration
D:5:      uniq_duvessa, uniq_sigmund, uniq_crazy_yiuf_cottage,
          uniq_blork_the_orc
D:6:      minmay_diamond_boxcup, basic_altar, kennysheep_minor_cross
D:7:      serial_glass, glass_columns_a, glass_columns_a, st_stairs_5
D:8:      lemuel_zombie_altar_yredelemnul, basic_altar
D:9:      nicolae_ru_awakened_eye
D:10:     lemuel_flamethrower_2
D:11:     lair_entry_dummy, serial_glass, glass_columns_a, glass_columns_c,
          minmay_strange_pillars, due_unseen_surprise, minmay_strange_pillars,
          minmay_strange_pillars, the_bakery, minmay_diamond_spiral,
          uniq_maurice, uniq_erica, uniq_grum
Temple:   kilobyte_greek_temple
Lair:1:   beast_lair_carwin_3

Skill      XL: |  1  2  3  4  5  6  7  8  9 10 11 |
---------------+----------------------------------+-----
Stealth        | 1 3 5 |  5.8
Transmutations | 3 4 6 7 |  7.3
Ice Magic      | 3 |  3.0
Spellcasting   | 4 |  4.0
Fighting       | 4 5 6 |  6.3
Dodging        | 5 6 7 |  7.4
Unarmed Combat | 8 9 10 | 10.9
Invocations    | 5 |  5.6

Action                   |  1- 3 |  4- 6 |  7- 9 | 10-12 || total
-------------------------+-------+-------+-------+-------++-------
Melee: Unarmed           |    50 |   154 |   253 |   335 ||   792
       Constrict         |    14 |    26 |     2 |     2 ||    44
       Tentacles         |     9 |     9 |     2 |     6 ||    26
       Kick              |     2 |     6 |       |       ||     8
       Punch             |     2 |     3 |       |       ||     5
 Cast: Beastly Appendage |     5 |     2 |       |       ||     7
       Spider Form       |     1 |    12 |     2 |       ||    15
       Sticks to Snakes  |       |     4 |     2 |     3 ||     9
       Ice Form          |       |       |    26 |    31 ||    57
       Shroud of Golubri |       |       |       |     2 ||     2
Invok: Lesser Servant of |       |       |       |     3 ||     3
  Use: Scroll            |       |    10 |     2 |     8 ||    20
       Potion            |       |     1 |     5 |       ||     6
 Stab: Sleeping          |     3 |     2 |     2 |     7 ||    14
       Distracted        |       |       |     1 |     1 ||     2
  Eat: Chunk             |       |     6 |    14 |     7 ||    27
       Ration            |       |     2 |     2 |     4 ||     8
Armor: Skin              |     1 |     7 |    44 |   100 ||   152
Dodge: Dodged            |    31 |   122 |   173 |   226 ||   552

Table legend:
 A = Spawn XP
 B = Non-spawn XP
 C = Spawn XP percentage of total XP
 D = Spawn monster count
 E = Non-spawn monster count
 F = Spawn count percentage of total count
 G = Total turns spent on level
                    A         B        C        D         E        F      G
               +---------+---------+-------+---------+---------+-------+---------
         Total |       0 |   14795 |   0.0 |       0 |     261 |   0.0 | 12934
               +---------+---------+-------+---------+---------+-------+---------
           D:1 |       0 |      20 |   0.0 |       0 |      12 |   0.0 |   724
           D:2 |       0 |     154 |   0.0 |       0 |      30 |   0.0 |  1007
           D:3 |       0 |     575 |   0.0 |       0 |      35 |   0.0 |  1477
           D:4 |       0 |     247 |   0.0 |       0 |       8 |   0.0 |  1080
           D:5 |       0 |    1293 |   0.0 |       0 |      22 |   0.0 |  1797
           D:6 |       0 |    1118 |   0.0 |       0 |      33 |   0.0 |  1347
           D:7 |       0 |    1692 |   0.0 |       0 |      21 |   0.0 |  1034
           D:8 |       0 |    2336 |   0.0 |       0 |      28 |   0.0 |  1361
           D:9 |       0 |     990 |   0.0 |       0 |      20 |   0.0 |   896
          D:10 |       0 |    3230 |   0.0 |       0 |      34 |   0.0 |  1228
          D:11 |       0 |    1651 |   0.0 |       0 |      10 |   0.0 |   753
        Lair:1 |       0 |    1489 |   0.0 |       0 |       8 |   0.0 |    86
               +---------+---------+-------+---------+---------+-------+---------
